AoeStats
← Big Matthew

Arena

506037150Analyzed
1v1 RM · 20d ago on Sep 12, 2026· 24m 10s· 2 players
Game mode
Random Map
Map size
Tiny (2 player)
Population
200
Speed
Normal
Resources
Standard
Victory
Conquest
Starting age
Dark Age
Ending age
Imperial Age
RankedLock teamsTeams togetherTeam positionsShared explorationLock speedFull tech treeHidden civsTurbo modeCheats
Victory
Defeat
🇵🇪 Spanish · Peru
543
+16
🇺🇸 Byzantines · United States
552
-16
Diegor
10:59 Feudal Age
13:04 Double-Bit Axe
14:03 Horse Collar
19:12 Castle Age
21:19 Bow Saw
24:35 Squires
23:55 Pikeman
Big Matthew
11:20 Feudal Age
16:41 Loom
19:50 Castle Age
18:28 Horse Collar
18:49 Gold Mining
19:20 Double-Bit Axe
19:52 Fletching
20:32 Stone Mining
21:11 Arson
21:27 Squires
Connection lost

Rejoining the realm…

Still unreachable

The connection could not be restored.

Session expired

The server has moved on; the page needs a fresh start.